 Dungeon Crawl Stone Soup version 0.17.1-2-g5865329 (webtiles) character file.

281 Mysteryquy the Slasher (level 6, -4/51 HPs)
             Began as a Draconian Fighter on Jan 19, 2016.
             Killed by nerve-wracking pain
             ... invoked by an orc priest
              (8 damage)
             ... on level 3 of the Dungeon.
             The game lasted 00:03:24 (2159 turns).

Mysteryquy the Slasher (Draconian Fighter)          Turns: 2159, Time: 00:03:24

Health: -4/51      AC:  7    Str: 26    XL:     6   Next: 6%
Magic:  6/6        EV: 12    Int:  8    God:
Gold:   142        SH:  4    Dex: 10    Spells: 0 memorised, 5 levels left

rFire  . . .     SeeInvis .     a - +0 long sword
rCold  . . .     Clarity  .     (armour unavailable)
rNeg   . . .     SustAt   .     x - +0 buckler
rPois  .         Gourm    .     (helmet restricted)
rElec  .         Spirit   .     h - +0 cloak
rCorr  .         Warding  .     (no gloves)
rMut   .         Stasis   .     (no boots)
MR     .....                    l - amulet of rage
Stlth  +.........               (no ring)
                                (no ring)

@: mighty, not resistant to hostile enchantments, very unstealthy
A: unfitting armour, cold-blooded, AC +6
a: Evoke Berserk Rage


You were on level 3 of the Dungeon.
You were not hungry.

You visited 1 branch of the dungeon, and saw 3 of its levels.

You collected 142 gold pieces.

Inventory:

Hand Weapons
 a - a +0 long sword (weapon)
Armour
 b - a +0 shield
 h - a +0 cloak (worn)
 x - a +0 buckler (worn)
Jewellery
 l - an amulet of rage (around neck)
Scrolls
 f - a scroll of immolation {unknown}
 g - 6 scrolls of remove curse {unknown}
 i - 8 scrolls of identify {unknown}
 q - 2 scrolls of fog {unknown}
 r - a scroll of fear {unknown}
 s - a scroll of teleportation {unknown}
 u - a scroll of amnesia {unknown}
 y - 3 scrolls of recharging {unknown}
Potions
 e - 2 potions of haste {unknown}
 j - 3 potions of lignification {unknown}
 k - a potion of heal wounds {unknown}
 o - 2 potions of brilliance {unknown}
 p - a potion of curing {unknown}
 v - a potion of cancellation {unknown}
 w - a potion of agility
Comestibles
 c - a meat ration
 d - 7 bread rations
 m - 2 slices of pizza
 n - 5 fruits


   Skills:
 - Level 3.2 Fighting
 + Level 6.4 Long Blades
 - Level 2.6 Dodging
 - Level 3.0 Shields


You had 5 spell levels left.
You didn't know any spells.

Dungeon Overview and Level Annotations

Branches:
Dungeon (3/15)

Altars:


Innate Abilities, Weirdness & Mutations

Your plain brown scales are hard (AC +6).
Your body does not fit into most forms of armour.
You are cold-blooded and may be slowed by cold attacks.


Message History

You hit the orc priest.
The orc priest is moderately wounded.
You hit the orc priest but do no damage.
The orc priest is moderately wounded.
The orc priest barely misses you.
The orc priest mumbles some strange prayers to Beogh against you.
Something smites you!
* * * LOW HITPOINT WARNING * * *
You are too injured to fight recklessly!
Drink which item? (? for menu, Esc to quit)
You feel very mighty all of a sudden.
The orc priest miscasts a cantrip.
You closely miss the orc priest.
The orc priest is moderately wounded.
The orc priest barely misses you.
You slash the orc priest!
The orc priest is almost dead.
The orc priest invokes the aid of Beogh against you.
Pain shoots through your body!
You die...

####...#.....
#............
#............ ###
#.....(...#.# ##.##
####...###.#. ##.#.##
#......#.#
##.###.#######...###.#.
#.## ##†........## ##.#
##.###@#######.## #.#
##.#o## #.# #.# ##o##
#.# #.# #o# ##.## #..
##.# #...# ### #.o#
###...### ## #.##
#.......####. #.#
#.......##.[. #o#
#.......#....


You could see 2 orc priests and an orc.

Vanquished Creatures
  A phantom (D:3)
  A giant frog (D:3)
  Terence (D:2)
  An iguana (D:3)
  2 adders (D:2)
  2 oozes
  A giant gecko (D:3)
  4 orcs (D:3)
  2 ball pythons (D:2)
  2 giant cockroaches (D:3)
  4 goblins (D:1)
  5 hobgoblins
  3 jackals (D:1)
  8 kobolds
  A quokka (D:2)
  7 bats
  3 giant newts
  5 rats
53 creatures vanquished.

Notes
Turn   | Place    | Note
--------------------------------------------------------------
     0 | D:1      | Mysteryquy the Draconian Fighter began the quest for the Orb.
     0 | D:1      | Reached XP level 1. HP: 19/19 MP: 1/1
    93 | D:1      | Reached XP level 2. HP: 17/26 MP: 2/2
   864 | D:2      | Found a faded altar to an unknown god.
   986 | D:2      | Reached XP level 3. HP: 31/31 MP: 3/3
  1249 | D:2      | Noticed Terence
  1274 | D:2      | Killed Terence
  1274 | D:2      | Reached skill level 4 in Long Blades
  1277 | D:2      | Reached XP level 4. HP: 9/38 MP: 4/4
  1616 | D:3      | Noticed a giant frog
  1624 | D:3      | Killed a giant frog
  1624 | D:3      | Reached skill level 5 in Long Blades
  1624 | D:3      | Reached XP level 5. HP: 39/45 MP: 5/5
  1822 | D:3      | Noticed a phantom
  1884 | D:3      | Killed a phantom
  1884 | D:3      | Reached skill level 6 in Long Blades
  2029 | D:3      | Reached XP level 6. HP: 41/51 MP: 6/6
  2159 | D:3      | Killed from afar by an orc priest

Action                   |  1- 3 |  4- 6 || total
-------------------------+-------+-------++-------
Melee: Long sword        |   122 |    85 ||   207
  Use: Potion            |     1 |     1 ||     2
 Stab: Sleeping          |     1 |       ||     1
  Eat: Chunk             |       |     4 ||     4
